General information
- name: BNet
- type: Ladder team game (AT/RT)
- host: Battle.net
- saver: Jazzman
map: MarketSquare
- players: 8
- length: 86:55
- speed: Fast
- version: 1.28 W3XP
- replay type: Public
» download(649 KB)
Players
team 1 (winner)
Kbilly (
teal | 54 APM | 2074 actions | 38:19)
6 Blademaster
2 Wind Walk
3 Critical Strike
1 Bladestorm
4 Shadow Hunter
2 Hex
2 Healing Wave
2 Tauren Chieftain
1 Endurance Aura
1 War Stomp
» actions
| Assign group hotkey | 47 | |
| Basic commands | 74 | |
| Build / train | 87 | |
| ESC pressed | 3 | |
| Enter build submenu | 21 | |
| Enter hero's abilities submenu | 12 | |
| Give item / drop item | 3 | |
| Right click | 770 | |
| Select / deselect | 344 | |
| Select group hotkey | 533 | |
| Use ability | 180 | |
2074 total
» units
| Peon | 16 | |
| Grunt | 4 | |
| Raider | 5 | |
| Spirit Walker | 2 | |
| Kodo Beast | 1 | |
| Troll Headhunter/Berserker | 7 | |
| Troll Witch Doctor | 1 | |
36 total
» upgrades
| Berserker Strength | 1 | |
| Armor | 3 | |
| Melee Weapons | 2 | |
| Pillage | 1 | |
| Ensnare | 1 | |
| Spirit Walker Training | 1 | |
| Reinforced Defenses | 1 | |
| Spiked Barricades | 1 | |
| War Drums Damage Increase | 1 | |
| Witch Doctor Training | 2 | |
| Berserker Upgrade | 1 | |
| Ranged Weapons | 3 | |
18 total
» buildings
| Altar of Storms | 1 | |
| Orc Burrow | 7 | |
| Barracks | 1 | |
| Voodoo Lounge | 1 | |
| Stronghold | 1 | |
| War Mill | 1 | |
| Spirit Lodge | 1 | |
| Beastiary | 1 | |
| Fortress | 1 | |
| Watch Tower | 6 | |
| Great Hall | 2 | |
23 total
» build order
00:06 Altar of Storms
00:20 Orc Burrow
00:35 Barracks
01:29 Orc Burrow
01:56 Voodoo Lounge
03:03 Orc Burrow
05:14 Stronghold
05:31 War Mill
07:38 Spirit Lodge
07:42 Beastiary
09:07 Orc Burrow
09:39 Fortress
11:51 Watch Tower
11:53 Watch Tower
13:15 Orc Burrow
13:15 Orc Burrow
14:04 Great Hall
15:42 Watch Tower
15:43 Watch Tower
17:22 Orc Burrow
23:02 Great Hall
25:11 Watch Tower
25:32 Watch Tower
» items
| Boots of Speed | 1 | |
| Circlet of Nobility | 2 | |
| Healing Salve | 1 | |
| Lesser Clarity Potion | 1 | |
| Scroll of Town Portal | 6 | |
| Scroll of Protection | 1 | |
| Scroll of Healing | 1 | |
| Orb of Lightning | 1 | |
| Tiny Great Hall | 1 | |
| Potion of Lesser Invulnerability | 1 | |
16 total

»
h2oburyUSA (
blue | 99 APM | 2824 actions | 28:27)
6 Blademaster
3 Wind Walk
2 Critical Strike
1 Bladestorm
4 Shadow Hunter
2 Hex
2 Healing Wave
» actions
| Assign group hotkey | 22 | |
| Basic commands | 15 | |
| Build / train | 77 | |
| Enter build submenu | 15 | |
| Enter hero's abilities submenu | 10 | |
| Give item / drop item | 1 | |
| Right click | 1318 | |
| Select / deselect | 225 | |
| Select group hotkey | 1050 | |
| Use ability | 91 | |
2824 total
» units
» upgrades
| Envenomed Spears | 1 | |
| Ranged Weapons | 2 | |
| Armor | 1 | |
4 total
» buildings
| Altar of Storms | 1 | |
| Orc Burrow | 7 | |
| Voodoo Lounge | 1 | |
| Stronghold | 1 | |
| Beastiary | 2 | |
| War Mill | 1 | |
| Fortress | 1 | |
| Great Hall | 2 | |
16 total
» build order
00:08 Altar of Storms
00:18 Orc Burrow
00:56 Voodoo Lounge
01:59 Stronghold
02:15 Orc Burrow
03:10 Orc Burrow
03:44 Orc Burrow
04:23 Beastiary
04:25 Beastiary
05:08 War Mill
07:44 Fortress
08:03 Orc Burrow
09:17 Orc Burrow
10:21 Great Hall
18:49 Orc Burrow
25:29 Great Hall
» items
| Healing Salve | 4 | |
| Lesser Clarity Potion | 9 | |
| Scroll of Town Portal | 2 | |
15 total

»
JBGarrison72 (
orange | 15 APM | 1281 actions | 86:55)
5 Blademaster
3 Wind Walk
2 Critical Strike
» actions
| Basic commands | 240 | |
| Build / train | 75 | |
| Enter build submenu | 33 | |
| Enter hero's abilities submenu | 5 | |
| Remove unit from queue | 3 | |
| Right click | 379 | |
| Select / deselect | 487 | |
| Use ability | 59 | |
1281 total
» units
» upgrades
| Berserker Strength | 1 | |
| Armor | 1 | |
| Melee Weapons | 2 | |
| Spiked Barricades | 2 | |
| Pillage | 1 | |
| Pulverize | 1 | |
8 total
» buildings
| Orc Burrow | 7 | |
| Altar of Storms | 1 | |
| War Mill | 1 | |
| Barracks | 2 | |
| Voodoo Lounge | 1 | |
| Watch Tower | 11 | |
| Stronghold | 1 | |
| Fortress | 1 | |
| Tauren Totem | 3 | |
| Great Hall | 3 | |
31 total
» build order
00:08 Orc Burrow
00:16 Altar of Storms
00:55 War Mill
02:19 Barracks
02:24 Barracks
02:36 Voodoo Lounge
03:05 Orc Burrow
03:34 Orc Burrow
04:17 Orc Burrow
05:29 Watch Tower
08:20 Stronghold
08:30 Watch Tower
10:05 Watch Tower
10:17 Watch Tower
10:23 Orc Burrow
12:00 Fortress
12:12 Watch Tower
12:20 Watch Tower
12:55 Orc Burrow
18:01 Tauren Totem
18:04 Tauren Totem
18:19 Great Hall
18:47 Tauren Totem
19:27 Watch Tower
21:03 Watch Tower
22:43 Watch Tower
26:07 Great Hall
26:14 Orc Burrow
26:55 Watch Tower
28:21 Watch Tower
33:34 Great Hall
» items
| Healing Salve | 2 | |
| Lesser Clarity Potion | 1 | |
| Scroll of Speed | 6 | |
| Scroll of Town Portal | 3 | |
| Potion of Healing | 3 | |
| Orb of Lightning | 1 | |
16 total
Jazzman (
green | 63 APM | 5508 actions | 86:55)
10 Archmage
3 Summon Water Elemental
3 Brilliance Aura
1 Mass Teleport
3 Blizzard
» actions
| Assign group hotkey | 229 | |
| Basic commands | 246 | |
| Build / train | 140 | |
| Enter build submenu | 78 | |
| Enter hero's abilities submenu | 11 | |
| Give item / drop item | 10 | |
| Remove unit from queue | 2 | |
| Right click | 2062 | |
| Select / deselect | 1010 | |
| Select group hotkey | 1425 | |
| Use ability | 294 | |
5508 total
» units
| Peasant | 24 | |
| Footman | 4 | |
| Gryphon Rider | 19 | |
| Dragonhawk Rider | 11 | |
| Siege Engine | 6 | |
64 total
» upgrades
| Lumber Harvesting | 2 | |
| Masonry | 3 | |
| Swords | 3 | |
| Armor | 3 | |
| Animal War Training | 1 | |
| Storm Hammers | 1 | |
| Cloud | 1 | |
| Gunpowder | 1 | |
| Plating | 1 | |
| Barrage | 1 | |
17 total
» buildings
| Scout Tower | 52 | |
| Arcane Tower | 2 | |
| Altar of Kings | 1 | |
| Barracks | 1 | |
| Farm | 11 | |
| Lumber Mill | 2 | |
| Arcane Vault | 3 | |
| Guard Tower | 17 | |
| Town Hall | 5 | |
| Keep | 1 | |
| Castle | 1 | |
| Gryphon Aviary | 10 | |
| Blacksmith | 2 | |
| Workshop | 3 | |
111 total
» build order
00:45 Scout Tower
01:13 Arcane Tower
01:19 Altar of Kings
01:22 Barracks
01:31 Farm
01:34 Farm
01:38 Farm
02:01 Farm
02:15 Scout Tower
02:18 Scout Tower
02:40 Lumber Mill
03:00 Arcane Tower
03:26 Scout Tower
03:26 Scout Tower
03:30 Scout Tower
03:58 Arcane Vault
04:00 Guard Tower
04:01 Guard Tower
04:03 Guard Tower
06:26 Town Hall
06:30 Scout Tower
06:31 Scout Tower
06:32 Scout Tower
06:33 Scout Tower
07:38 Keep
08:06 Guard Tower
10:50 Castle
11:05 Gryphon Aviary
11:06 Gryphon Aviary
11:06 Gryphon Aviary
11:07 Gryphon Aviary
11:09 Blacksmith
11:10 Blacksmith
11:50 Scout Tower
11:50 Scout Tower
11:52 Scout Tower
11:52 Scout Tower
12:00 Farm
12:01 Farm
13:13 Guard Tower
13:58 Lumber Mill
15:22 Scout Tower
15:24 Scout Tower
15:25 Scout Tower
16:13 Arcane Vault
16:15 Guard Tower
17:26 Farm
17:26 Farm
17:26 Farm
18:39 Scout Tower
18:40 Scout Tower
18:43 Scout Tower
18:46 Farm
19:36 Guard Tower
19:38 Guard Tower
24:49 Town Hall
24:55 Scout Tower
24:55 Scout Tower
24:56 Scout Tower
24:56 Scout Tower
24:58 Scout Tower
24:58 Scout Tower
24:58 Scout Tower
24:59 Scout Tower
25:02 Arcane Vault
25:26 Farm
25:29 Guard Tower
25:45 Scout Tower
25:46 Scout Tower
25:48 Scout Tower
25:48 Scout Tower
25:57 Guard Tower
26:20 Guard Tower
29:04 Town Hall
32:23 Gryphon Aviary
32:23 Gryphon Aviary
32:23 Gryphon Aviary
32:24 Gryphon Aviary
32:27 Gryphon Aviary
32:27 Gryphon Aviary
33:58 Workshop
34:02 Workshop
34:04 Workshop
34:59 Scout Tower
34:59 Scout Tower
34:59 Scout Tower
34:59 Scout Tower
35:32 Guard Tower
35:36 Scout Tower
35:36 Scout Tower
35:36 Scout Tower
35:37 Scout Tower
35:37 Scout Tower
35:38 Scout Tower
35:38 Scout Tower
35:39 Scout Tower
35:40 Scout Tower
35:41 Scout Tower
35:41 Scout Tower
35:41 Scout Tower
35:41 Scout Tower
35:42 Scout Tower
35:43 Scout Tower
35:44 Scout Tower
37:21 Guard Tower
37:22 Guard Tower
37:23 Guard Tower
38:01 Guard Tower
42:28 Guard Tower
43:47 Town Hall
45:32 Town Hall
» items
| Scroll of Town Portal | 7 | |
| Scroll of Regeneration | 7 | |
| Staff of Sanctuary | 1 | |
| Potion of Healing | 5 | |
| Periapt of Vitality | 1 | |
| Staff of Teleportation | 1 | |
| Mechanical Critter | 2 | |
24 total
team 2 (loser)
MCdonalds_Army (
purple | 51 APM | 2764 actions | 53:42)
9 Crypt Lord
3 Carrion Beetles
3 Spiked Carapace
2 Impale
1 Locust Swarm
3 Demon Hunter
1 Metamorphosis
2 Evasion
» actions
| Assign group hotkey | 29 | |
| Basic commands | 3 | |
| Build / train | 105 | |
| ESC pressed | 5 | |
| Enter build submenu | 30 | |
| Enter hero's abilities submenu | 14 | |
| Give item / drop item | 3 | |
| Right click | 1450 | |
| Select / deselect | 502 | |
| Select group hotkey | 391 | |
| Use ability | 232 | |
2764 total
» units
| Acolyte | 8 | |
| Ghoul | 16 | |
| Necromancer | 10 | |
| Obsidian Statue | 2 | |
| Frost Wyrm | 12 | |
| Hippogryph | 6 | |
54 total
» upgrades
| Necromancer Training | 1 | |
| Creature Carapace | 2 | |
| Skeletal Mastery | 1 | |
| Creature Attack | 2 | |
6 total
» buildings
| Ziggurat | 9 | |
| Crypt | 2 | |
| Altar of Darkness | 1 | |
| Graveyard | 1 | |
| Nerubian Tower | 1 | |
| Tomb of Relics | 1 | |
| Halls of the Dead | 2 | |
| Black Citadel | 1 | |
| Temple of the Damned | 1 | |
| Slaughterhouse | 1 | |
| Sacrificial Pit | 1 | |
| Boneyard | 3 | |
| Spirit Tower | 2 | |
| Moon Well | 2 | |
| Scout Tower | 23 | |
| Barracks | 1 | |
52 total
» build order
00:09 Ziggurat
00:10 Crypt
00:16 Crypt
00:47 Altar of Darkness
01:26 Graveyard
01:42 Nerubian Tower
01:59 Tomb of Relics
02:29 Ziggurat
02:31 Ziggurat
03:00 Ziggurat
04:20 Halls of the Dead
04:20 Halls of the Dead
06:42 Black Citadel
06:45 Temple of the Damned
06:46 Slaughterhouse
06:48 Sacrificial Pit
08:21 Ziggurat
09:05 Boneyard
09:06 Boneyard
09:10 Boneyard
11:56 Ziggurat
11:59 Ziggurat
18:53 Ziggurat
21:28 Spirit Tower
21:28 Spirit Tower
31:09 Moon Well
31:11 Moon Well
46:41 Scout Tower
46:42 Scout Tower
46:43 Scout Tower
46:43 Scout Tower
46:44 Scout Tower
46:44 Scout Tower
46:44 Scout Tower
46:44 Scout Tower
46:44 Scout Tower
46:46 Scout Tower
46:46 Scout Tower
46:47 Scout Tower
46:47 Scout Tower
46:56 Barracks
46:57 Scout Tower
46:57 Scout Tower
46:57 Scout Tower
46:58 Scout Tower
» items
| Rod of Necromancy | 2 | |
| Orb of Corruption | 1 | |
| Scroll of Town Portal | 4 | |
| Tome of Retraining | 1 | |
| Boots of Speed | 1 | |
| Potion of Healing | 5 | |
| Potion of Mana | 1 | |
| Staff of Teleportation | 1 | |
| Circlet of Nobility | 1 | |
| Potion of Invisibility | 1 | |
18 total

»
ReBounD (
red | 140 APM | 6006 actions | 42:51)
8 Mountain King
3 Storm Bolt
3 Thunder Clap
1 Avatar
1 Bash
8 Paladin
3 Holy Light
3 Divine Shield
1 Resurrection
1 Devotion Aura
» actions
| Assign group hotkey | 234 | |
| Basic commands | 2 | |
| Build / train | 194 | |
| Enter build submenu | 35 | |
| Enter hero's abilities submenu | 18 | |
| Give item / drop item | 3 | |
| Remove unit from queue | 6 | |
| Right click | 3271 | |
| Select / deselect | 670 | |
| Select group hotkey | 1328 | |
| Use ability | 241 | |
6006 total
» units
| Peasant | 16 | |
| Rifleman | 21 | |
| Spell Breaker | 6 | |
| Dryad | 1 | |
| Mortar Team | 11 | |
| Glaive Thrower | 3 | |
| Wisp | 17 | |
| Hippogryph | 12 | |
| Mountain Giant | 8 | |
| Knight | 2 | |
| Druid of the Talon | 2 | |
| Flying Machine | 15 | |
114 total
» upgrades
| Gunpowder | 2 | |
| Armor | 2 | |
| Long Rifles | 1 | |
| Lumber Harvesting | 1 | |
| Control Magic | 1 | |
| Vorpal Blades | 1 | |
| Fragmentation Shards | 1 | |
| Hippogryph Taming | 1 | |
| Flak Cannons | 1 | |
| Flying Machine Bombs | 1 | |
12 total
» buildings
| Altar of Kings | 1 | |
| Farm | 13 | |
| Blacksmith | 1 | |
| Barracks | 3 | |
| Scout Tower | 2 | |
| Arcane Tower | 4 | |
| Arcane Vault | 1 | |
| Keep | 3 | |
| Arcane Sanctum | 1 | |
| Lumber Mill | 1 | |
| Town Hall | 4 | |
| Castle | 1 | |
| Workshop | 2 | |
| Ancient of Wind | 1 | |
| Ancient of Lore | 1 | |
| Moon Well | 2 | |
| Ancient of Wonders | 1 | |
42 total
» build order
00:42 Altar of Kings
00:48 Farm
01:27 Farm
01:44 Blacksmith
01:45 Barracks
01:50 Barracks
02:12 Farm
02:36 Farm
02:38 Farm
02:40 Scout Tower
03:18 Arcane Tower
03:18 Arcane Tower
03:18 Arcane Tower
04:34 Arcane Vault
05:34 Keep
05:34 Keep
07:26 Farm
07:58 Arcane Sanctum
08:45 Lumber Mill
12:01 Farm
12:12 Farm
12:13 Farm
14:23 Town Hall
14:27 Scout Tower
15:51 Arcane Tower
17:06 Castle
18:14 Farm
19:25 Barracks
19:27 Workshop
20:30 Ancient of Wind
20:34 Ancient of Lore
22:53 Town Hall
23:46 Moon Well
23:46 Moon Well
24:08 Ancient of Wonders
25:39 Workshop
29:29 Farm
29:34 Farm
30:06 Farm
34:37 Town Hall
37:59 Town Hall
» items
| Lesser Clarity Potion | 4 | |
| Scroll of Town Portal | 6 | |
| Scroll of Regeneration | 2 | |
| Potion of Mana | 1 | |
| Scroll of Healing | 1 | |
| Orb of Corruption | 3 | |
| Dust of Appearance | 2 | |
19 total
Jatski (
yellow | 79 APM | 1591 actions | 20:07)
5 Demon Hunter
1 Immolation
3 Mana Burn
1 Evasion
» actions
| Assign group hotkey | 100 | |
| Basic commands | 43 | |
| Build / train | 65 | |
| ESC pressed | 6 | |
| Enter build submenu | 32 | |
| Enter hero's abilities submenu | 5 | |
| Remove unit from queue | 6 | |
| Right click | 838 | |
| Select / deselect | 361 | |
| Select group hotkey | 74 | |
| Use ability | 61 | |
1591 total
» units
| Wisp | 22 | |
| Archer | 3 | |
| Huntress | 13 | |
| Dryad | 9 | |
47 total
» upgrades
» buildings
| Moon Well | 9 | |
| Altar of Elders | 1 | |
| Ancient of War | 2 | |
| Hunter's Hall | 1 | |
| Ancient Protector | 7 | |
| Tree of Ages | 2 | |
| Ancient of Wind | 2 | |
| Ancient of Lore | 1 | |
| Tree of Life | 1 | |
| Ancient of Wonders | 1 | |
27 total
» build order
00:23 Moon Well
00:36 Altar of Elders
00:50 Moon Well
01:40 Ancient of War
01:59 Moon Well
02:32 Hunter's Hall
02:53 Ancient of War
02:58 Moon Well
03:59 Ancient Protector
05:29 Moon Well
05:54 Tree of Ages
05:55 Tree of Ages
07:32 Ancient Protector
10:52 Ancient of Wind
10:59 Ancient Protector
11:55 Moon Well
12:02 Ancient Protector
12:04 Ancient Protector
12:20 Ancient of Wind
12:23 Ancient of Lore
12:31 Tree of Life
13:15 Moon Well
13:20 Ancient of Wonders
14:28 Ancient Protector
16:21 Moon Well
16:23 Moon Well
17:25 Ancient Protector
» items
| Scroll of Town Portal | 2 | |
| Potion of Healing | 1 | |
| Boots of Speed | 1 | |
| Potion of Lesser Invulnerability | 1 | |
| Scroll of Protection | 1 | |
6 total
QUIT-DC-OUT-BOB (
pink | 52 APM | 4512 actions | 86:55)
8 Blademaster
3 Wind Walk
3 Critical Strike
1 Bladestorm
1 Mirror Image
» actions
| Assign group hotkey | 67 | |
| Basic commands | 202 | |
| Build / train | 88 | |
| Enter build submenu | 48 | |
| Enter hero's abilities submenu | 8 | |
| Give item / drop item | 6 | |
| Right click | 1629 | |
| Select / deselect | 508 | |
| Select group hotkey | 1142 | |
| Use ability | 814 | |
4512 total
» units
| Peon | 24 | |
| Grunt | 3 | |
| Wind Rider | 7 | |
| Troll Batrider | 8 | |
42 total
» upgrades
| Reinforced Defenses | 1 | |
| Liquid Fire | 1 | |
| Ranged Weapons | 2 | |
| Armor | 2 | |
| Ensnare | 1 | |
| Envenomed Spears | 1 | |
| Spiked Barricades | 1 | |
| Melee Weapons | 1 | |
10 total
» buildings
| Altar of Storms | 1 | |
| Orc Burrow | 9 | |
| Barracks | 1 | |
| Voodoo Lounge | 1 | |
| Stronghold | 1 | |
| War Mill | 1 | |
| Great Hall | 1 | |
| Beastiary | 4 | |
| Watch Tower | 40 | |
| Fortress | 2 | |
61 total
» build order
00:06 Altar of Storms
00:20 Orc Burrow
00:36 Barracks
01:24 Orc Burrow
01:56 Voodoo Lounge
03:15 Stronghold
03:43 War Mill
04:40 Great Hall
05:22 Orc Burrow
05:49 Beastiary
06:03 Watch Tower
06:23 Beastiary
07:18 Watch Tower
07:30 Watch Tower
07:37 Watch Tower
08:08 Fortress
08:08 Fortress
08:27 Orc Burrow
08:30 Orc Burrow
09:09 Watch Tower
09:15 Watch Tower
09:39 Watch Tower
09:44 Watch Tower
09:45 Watch Tower
09:55 Watch Tower
10:59 Watch Tower
11:24 Orc Burrow
11:29 Watch Tower
12:05 Beastiary
12:08 Orc Burrow
12:32 Watch Tower
12:36 Watch Tower
12:39 Orc Burrow
17:42 Watch Tower
17:43 Watch Tower
17:43 Watch Tower
17:44 Watch Tower
18:44 Watch Tower
18:50 Watch Tower
19:05 Watch Tower
19:05 Watch Tower
19:09 Watch Tower
19:10 Watch Tower
21:03 Watch Tower
21:03 Watch Tower
21:04 Watch Tower
21:04 Watch Tower
21:49 Watch Tower
22:51 Watch Tower
22:51 Watch Tower
22:52 Watch Tower
25:46 Beastiary
26:58 Watch Tower
26:58 Watch Tower
27:25 Orc Burrow
32:40 Watch Tower
32:40 Watch Tower
32:40 Watch Tower
33:15 Watch Tower
33:15 Watch Tower
33:16 Watch Tower
» items
| Healing Salve | 3 | |
| Staff of Teleportation | 2 | |
| Scroll of Town Portal | 8 | |
| Orb of Lightning | 1 | |
| Lesser Clarity Potion | 1 | |
| Potion of Lesser Invulnerability | 1 | |
| Scroll of Healing | 1 | |
| Tiny Great Hall | 1 | |
18 total
Chat log
(00:12 / All) Kbilly: Glhf
(00:30 / Allies) h2oburyUSA: wind riders here
(00:32 / Allies) JBGarrison72: BM
(00:32 / Allies) h2oburyUSA: bm
(00:35 / Allies) JBGarrison72: tauren
(00:42 / Allies) Kbilly: 3 orcs
(00:43 / Allies) Kbilly: rush pelase
(00:49 / Allies) JBGarrison72: k
(01:03 / Allies) JBGarrison72: or super BM harass?
(01:07 / Allies) Kbilly: no
(01:07 / Allies) h2oburyUSA: yah
(01:08 / Allies) h2oburyUSA: bm
(01:09 / Allies) Kbilly: ugh
(01:15 / Allies) Jazzman: lumber please
(01:16 / Allies) h2oburyUSA: or not
(01:22 / Allies) Kbilly: can I play on a team that sticks with the plan, just for once?
(01:26 / Allies) Jazzman: lumber please
(01:34 / Allies) h2oburyUSA: i said wind riders once the game started
(01:39 / Allies) Jazzman: ty
(01:41 / Allies) h2oburyUSA: apparently my plan isnt happening
(01:47 / Allies) Kbilly: excuse me
(01:49 / Allies) Kbilly: off to hang myself.
(01:50 / Allies) JBGarrison72: no its cool, will rush, and then wind riders blue?
(02:15 / Allies) JBGarrison72: rushes dont always work to end the game immediately
(02:50 / Allies) Jazzman: guys please some gold and lumber
(02:56 / Allies) Kbilly: just be quiet.
(02:56 / Allies) Jazzman: I have weirdos next to me on dis map
(05:10 / Allies) Kbilly: b
(05:39 / Allies) h2oburyUSA: mid?
(05:47 / Allies) JBGarrison72: coming
(06:16 / Allies) h2oburyUSA: dont worry i wont steal items
(06:22 / Allies) Kbilly: they are mid
(06:28 / Allies) h2oburyUSA: dh
(06:37 / Allies) h2oburyUSA: mk
(06:55 / Allies) Kbilly: ya red mk
(07:10 / Allies) JBGarrison72: let's hit
(07:26 / All) QUIT-DC-OUT-BOB: reeds a baby lol
(07:41 / All) QUIT-DC-OUT-BOB: purple
(07:47 / Allies) JBGarrison72: pink clearly getting bats
(08:12 / Allies) h2oburyUSA: gj
(08:16 / Allies) JBGarrison72: ty
(09:52 / Allies) h2oburyUSA: omw
(09:56 / Allies) Jazzman: teal why do you follow me man
(09:59 / Allies) Kbilly: on your way where?
(10:08 / Allies) Kbilly: why do I follow you?
(10:09 / Allies) Jazzman: to creep
(10:14 / Allies) Kbilly: you expect to eat all the creeps by yourself?
(10:25 / Allies) Jazzman: there are other camps
(10:28 / Allies) Jazzman: why leech me
(10:36 / Allies) Kbilly: omg
(10:37 / Allies) Kbilly: stfu
(11:17 / Allies) Jazzman: lumber please
(11:25 / Allies) Kbilly: oh you want to leech my lumber?
(11:27 / Allies) Kbilly: that's nice
(11:34 / Allies) Jazzman: You haven't shared anything
(11:37 / Allies) Jazzman: all you have done is follow me around
(11:41 / Allies) Kbilly: calls allies leeches
(11:42 / Allies) Kbilly: begs
(11:43 / Allies) Kbilly: nice
(12:17 / Allies) h2oburyUSA: are we winning yet mad at each other?
(12:19 / Allies) h2oburyUSA: like wtf
(12:25 / Allies) Kbilly: he's being rude
(12:30 / Allies) Jazzman: I'm rude?
(12:35 / Allies) Kbilly: you heard me
(12:37 / Allies) Jazzman: dude I asked earlier while being harassed for resources
(12:37 / Allies) h2oburyUSA: lets just win please
(12:38 / Allies) JBGarrison72: we're good fellas
(12:39 / Allies) JBGarrison72: relax
(12:39 / Allies) Jazzman: and you told me to shut up
(12:44 / Allies) JBGarrison72: people are a lot worse on bnet
(12:46 / Allies) Jazzman: wtf is your problem
(12:48 / Allies) JBGarrison72: this is actually pretty ok
(13:23 / Allies) JBGarrison72: green i hooked u up a few times early, would you please gold me slightly?
(13:27 / Allies) JBGarrison72: if you can spare?
(13:33 / Allies) JBGarrison72: ty sir
(13:36 / Allies) h2oburyUSA: ima kill yellow
(13:37 / Allies) h2oburyUSA: fuck him
(13:45 / Allies) Kbilly: let me joing you blue
(13:46 / Allies) Kbilly: wait up
(13:49 / Allies) JBGarrison72: im with you
(13:50 / Allies) h2oburyUSA: nuce
(13:52 / Allies) h2oburyUSA: nice
(14:00 / Allies) h2oburyUSA: scouting
(14:20 / Allies) h2oburyUSA: lol nothing
(14:20 / Allies) JBGarrison72: force tp then back out i guess
(14:28 / Allies) Kbilly: wait for me please
(14:31 / Allies) Kbilly: I have siege
(14:45 / Allies) JBGarrison72: they saw us too late sorry teal
(14:46 / Allies) Kbilly: or just hit...
(15:26 / Allies) JBGarrison72: b
(15:31 / Allies) Kbilly: b
(15:53 / Allies) Kbilly: ya
(15:55 / Allies) JBGarrison72: blue no offense, but, we should take it easy on committing like that
(15:59 / Allies) JBGarrison72: well be ok tho
(16:21 / Allies) h2oburyUSA: hero
(16:22 / Allies) h2oburyUSA: purp
(17:13 / Allies) Jazzman: lumber
(17:25 / All) QUIT-DC-OUT-BOB: help oj billy
(17:26 / Allies) JBGarrison72: ty teal
(17:42 / Allies) JBGarrison72: gj
(18:24 / All) Jazzman: what's ur prob cuh
(18:32 / All) MCdonalds_Army: =(
(18:40 / All) QUIT-DC-OUT-BOB: k
(18:41 / Allies) Kbilly: can't yet
(18:43 / Allies) Kbilly: need to shop
(19:27 / Allies) Jazzman: lumber plz
(19:42 / All) QUIT-DC-OUT-BOB: billy hit not me
(19:43 / Allies) Kbilly: lol
(19:57 / All) Kbilly: Ok there Shakespeare.
(19:59 / All) Jazzman: Wtf
(20:07 / Allies) JBGarrison72: be nice, lol
(20:29 / Allies) Jazzman: counter his base
(20:37 / Allies) h2oburyUSA: ready
(20:39 / Allies) h2oburyUSA: lets do it
(20:40 / Allies) JBGarrison72: gj
(21:37 / Allies) JBGarrison72: ty teal
(21:40 / Allies) Kbilly: I tried
(21:45 / Allies) JBGarrison72: nah it's good
(21:47 / Allies) JBGarrison72: you drove them off
(21:52 / Allies) Kbilly: yo'ure my boy oj
(21:57 / All) JBGarrison72: :D
(22:10 / Allies) JBGarrison72: pink is running everywhere with bats looking for weak spots
(22:12 / Allies) JBGarrison72: beware
(23:10 / Allies) JBGarrison72: green u got a lot of gold may i have some pls? :D
(23:10 / All) QUIT-DC-OUT-BOB: die billy
(23:12 / All) QUIT-DC-OUT-BOB: U nigger
(23:16 / All) Kbilly: I am a nigger.
(23:36 / Allies) h2oburyUSA: gj green
(23:56 / Allies) h2oburyUSA: ready
(25:31 / All) QUIT-DC-OUT-BOB: ur gay billy
(25:39 / All) Kbilly: Yes.
(25:41 / All) Kbilly: how did you know?
(26:13 / Allies) Kbilly: fight please
(26:54 / All) Jazzman: you're such a cunt
(27:59 / Allies) Kbilly: my base gone
(28:09 / Allies) Jazzman: haha billy, you got owned
(28:11 / Allies) JBGarrison72: get peons into burrows
(28:12 / All) h2oburyUSA: green
(28:13 / Allies) JBGarrison72: teal
(28:14 / All) h2oburyUSA: fucking
(28:15 / All) h2oburyUSA: sucks
(28:19 / All) h2oburyUSA: 5k gold
(28:23 / All) h2oburyUSA: and blows dick
(28:29 / Allies) Kbilly: oj, now is not the time to coach me about my burrows.
(28:30 / All) Jazzman: lol
(28:34 / All) Jazzman: he massed wyvern wooo
(29:21 / All) QUIT-DC-OUT-BOB: no purple
(29:23 / All) QUIT-DC-OUT-BOB: ur not taking shit
(29:24 / All) QUIT-DC-OUT-BOB: fucking noob
(29:46 / Allies) Kbilly: gold please green
(29:50 / Allies) Jazzman: lol
(29:54 / Allies) Jazzman: really bud?
(29:55 / Allies) Kbilly: you have 7k
(29:59 / Allies) Jazzman: And?
(29:59 / Allies) Kbilly: do you want to win?
(30:13 / Allies) Kbilly: your choice
(30:13 / Allies) Jazzman: Maybe you should kiss my cock ring, and apologize for your lack of respect
(30:16 / Allies) JBGarrison72: my expo getting hit again, oh well
(30:20 / Allies) Kbilly: squelching green now
(30:29 / Allies) Jazzman: Be that way, pussy
(30:33 / All) QUIT-DC-OUT-BOB: i told u red i have beef with teal
(31:20 / All) Kbilly: Green is bsing.
(31:24 / All) QUIT-DC-OUT-BOB: stfu
(31:24 / All) Kbilly: hoarding gold and towering
(31:26 / All) QUIT-DC-OUT-BOB: idiot
(31:32 / All) QUIT-DC-OUT-BOB: green killin rut eam
(31:38 / All) QUIT-DC-OUT-BOB: green is killing my team
(31:55 / Allies) JBGarrison72: gj teal
(31:59 / Allies) Kbilly: ty
(31:59 / All) Jazzman: wtf
(32:00 / All) Jazzman: Man
(32:03 / All) ReBounD: OWNED
(32:04 / All) Jazzman: I fucking mass tp
(32:05 / All) ReBounD: LIKE A MOFOF
(32:06 / Allies) Kbilly: but can't win with green
(32:07 / All) ReBounD: ASS NIGGA
(32:07 / All) Jazzman: then I fucking tp scroll
(32:08 / All) ReBounD: GTFO
(32:10 / All) ReBounD: STUNEED
(33:05 / All) Jazzman: why my tp scroll didn't go thru first one tho
(33:15 / All) ReBounD: U GOT STUNEED
(33:17 / All) ReBounD: BY CL
(33:20 / All) ReBounD: tHEN BOLTED
(33:27 / All) Jazzman: tp scroll = invincible
(33:28 / All) Jazzman: didn't go thru
(33:30 / All) ReBounD: TRUE
(35:02 / All) QUIT-DC-OUT-BOB: oj recognize us from last night lol
(35:17 / All) JBGarrison72: oh boy, i suspected you might be in this game
(35:34 / All) JBGarrison72: you guys ever get tired of this?
(35:39 / All) Kbilly: oh it's one of THESE games?
(35:39 / All) QUIT-DC-OUT-BOB: no cuz its fune
(35:41 / All) Kbilly: HAHAHAHAHA
(35:47 / Allies) Jazzman: lumber
(35:51 / All) Kbilly: Let me ask you a trivia question.
(35:54 / All) Jazzman: lawl
(35:58 / All) ReBounD: owned
(36:00 / All) ReBounD: like a bitch
(36:01 / All) JBGarrison72: Upload the damn replays so people can enjoy this stupidity
(36:01 / All) ReBounD: GTFO
(36:02 / All) Jazzman: was building in my base
(36:06 / All) Jazzman: We'll see who has last laugh
(36:08 / All) ReBounD: MORE EXUCSES
(36:09 / All) QUIT-DC-OUT-BOB: lawl
(36:10 / All) ReBounD: lMFAO
(36:14 / Allies) Jazzman: lumber
(36:31 / Allies) Jazzman: you got any lumber orange?
(36:39 / Allies) JBGarrison72: not anymore
(36:40 / All) QUIT-DC-OUT-BOB: i hate u billy
(36:43 / Allies) Jazzman: who'd you give to
(36:45 / All) QUIT-DC-OUT-BOB: every game billy
(36:47 / All) QUIT-DC-OUT-BOB: ur a dick
(36:52 / Allies) JBGarrison72: doesn't matter... this game is done
(36:57 / Allies) Jazzman: it's not lawl
(37:00 / Allies) JBGarrison72: you guys waste peoples time
(37:01 / All) QUIT-DC-OUT-BOB: kbilly
(37:03 / All) QUIT-DC-OUT-BOB: closet maphacks
(37:08 / All) QUIT-DC-OUT-BOB: he always denies it
(37:15 / Allies) Jazzman: scout
(37:23 / Allies) JBGarrison72: nah, im done
(37:24 / All) Kbilly: I do not hack.
(37:26 / Allies) JBGarrison72: waste
(37:34 / Allies) JBGarrison72: teal, here's the deal
(37:39 / Allies) JBGarrison72: green and pink are friends
(37:42 / Allies) Kbilly: I"m aware.
(37:44 / Allies) JBGarrison72: they get on teamspeak... or discord
(37:45 / All) Jazzman: lol
(37:52 / Allies) JBGarrison72: and they cooperate to screw these games up
(37:53 / All) Jazzman: hook me up with lumber anyway
(37:55 / Allies) JBGarrison72: they both hack
(37:57 / All) Kbilly: I am aware.
(38:03 / Allies) JBGarrison72: ok, you know all that
(38:10 / Allies) JBGarrison72: well, it's pretty goddamn lame
(38:17 / Allies) JBGarrison72: so im just gonna drop now
(38:23 / Allies) JBGarrison72: unlike last time where i alt tabbed
(38:31 / Allies) JBGarrison72: wait, actually, ill go ahead and alt tab again
(38:41 / Allies) JBGarrison72: and i'll do that every time
(39:03 / All) JBGarrison72: alt-tabbing because green-pink are hackers and cahoots with each other
(40:42 / All) QUIT-DC-OUT-BOB: Red has 10 seconds to drop mask
(41:13 / All) QUIT-DC-OUT-BOB: where
(41:16 / All) Jazzman: top
(41:17 / All) QUIT-DC-OUT-BOB: oh lawl
(41:45 / All) Jazzman: ...
(42:22 / All) QUIT-DC-OUT-BOB: suck mah dick purple
(42:22 / All) MCdonalds_Army: hahaha
(45:23 / All) QUIT-DC-OUT-BOB: purple is so gay
(45:29 / All) Jazzman: why'd kbilly leave lawl
(45:57 / All) Jazzman: red won't accept whispers lawl
(46:17 / All) QUIT-DC-OUT-BOB: pruple didnt listen one bit
(46:18 / All) Jazzman: that second time he got me while I was plopping down tons of towers in my base
(46:22 / All) Jazzman: him and yellow
(46:26 / All) Jazzman: and purp
(46:32 / All) Jazzman: so I just let my shit die
(46:36 / All) Jazzman: he had mass gyro attacking it anyway
(47:00 / All) Jazzman: purple had some kind of problem with me
(47:04 / All) Jazzman: what's your deal, cuh
(47:12 / All) QUIT-DC-OUT-BOB: hes trying to build with red
(47:18 / All) QUIT-DC-OUT-BOB: standoff is basically done my side
(47:47 / All) Jazzman: jbg is a better ally than kbilly and it's not even close
(47:52 / All) Jazzman: Kbilly is such a cunt lawl
(47:57 / All) Jazzman: he is disrespectful as hell
(47:59 / All) QUIT-DC-OUT-BOB: game went perfectly but ur team couldnt handle reds OP mk pally tanks copters combo
(48:02 / All) Jazzman: then later one he started asking for gold LMAO
(48:14 / All) Jazzman: he's like "U WANT TO WIN DOINT UT"
(48:18 / All) QUIT-DC-OUT-BOB: im surprised red
(48:21 / All) Jazzman: then he said he put me on squelch
(48:21 / All) QUIT-DC-OUT-BOB: didnt leave
(48:25 / All) QUIT-DC-OUT-BOB: i had 2 expos never gave gold
(48:54 / All) QUIT-DC-OUT-BOB: eager to see ur side
(48:59 / All) QUIT-DC-OUT-BOB: purple never said one word
(49:00 / All) Jazzman: it was going good until my tp scroll didn't go thru
(49:05 / All) Jazzman: then when they caiught me while I was in my base
(49:11 / All) QUIT-DC-OUT-BOB: red was leading us
(49:14 / All) QUIT-DC-OUT-BOB: he did actually good
(49:35 / All) Jazzman: I tried to lay off your team
(49:39 / All) Jazzman: except pruple who wouldn't fuck off
(49:44 / All) Jazzman: then they got stronger than my team
(49:59 / All) QUIT-DC-OUT-BOB: red yellow didnt expo til like 25 min which helped
(50:37 / All) QUIT-DC-OUT-BOB: gay corner items
(50:40 / All) QUIT-DC-OUT-BOB: frost, dagger
(50:53 / All) Jazzman: I tried to creep top left but it was gone already lawl
(51:17 / All) QUIT-DC-OUT-BOB: purple was a worse temmate than billy. he neve rlistened, never payed attention to rest of game
(51:19 / All) QUIT-DC-OUT-BOB: only focused on u
(51:34 / All) Jazzman: Kbilly has no people skills lawl
(51:40 / All) Jazzman: Well actually he does
(51:43 / All) Jazzman: When he wants something
(51:50 / All) Jazzman: Fake POS
(51:52 / All) QUIT-DC-OUT-BOB: i bet u garrison isnt afk
(51:53 / All) QUIT-DC-OUT-BOB: still here
(51:56 / All) Jazzman: I bet ur right
(51:57 / All) QUIT-DC-OUT-BOB: he was hilarious last night
(52:00 / All) QUIT-DC-OUT-BOB: ur stupid mortars
(52:03 / All) QUIT-DC-OUT-BOB: killed that last building
(52:06 / All) Jazzman: alwl
(52:08 / All) QUIT-DC-OUT-BOB: standoff done my side
(52:21 / All) Jazzman: Pretty sure it's done this side
(52:27 / All) QUIT-DC-OUT-BOB: make sure
(52:41 / All) Jazzman: just my army
(52:51 / All) Jazzman: teal 0 b lue 0 killed orange hero and tauren
(54:04 / All) Jazzman: OH MY
(54:10 / All) Jazzman: Bad news JGB
(55:09 / All) Jazzman: all these towers that I spammed in my base while they raped my army are gonna come in handy now
(58:22 / All) JBGarrison72: you guys still here?
(58:34 / All) Jazzman: yeah purp fucked it up for ever body
(59:02 / All) JBGarrison72: so i figure... this will eat up your system resources a bit... so you probably can't just leave it open forever and log in to
(59:07 / All) JBGarrison72: other accounts
(59:15 / All) Jazzman: no need
(59:18 / All) JBGarrison72: so i don't mind just keeping my game open
(59:22 / All) JBGarrison72: forever if need be
(59:22 / All) Jazzman: I got Landazar to clean up the mess
(59:26 / All) Jazzman: We call him the wofl
(59:36 / All) QUIT-DC-OUT-BOB: sup oj
(59:42 / All) QUIT-DC-OUT-BOB: how ya doing big guy
(59:53 / All) JBGarrison72: As it is... you're not harassing anyone else while your busy in this game
(60:03 / All) QUIT-DC-OUT-BOB: we do this, because 2v6's are fun
(60:06 / All) Jazzman: Orange is a modern day hero
(60:06 / All) JBGarrison72: lotta people are getting some good 4s in... while you guys keep me occupied
(60:07 / All) QUIT-DC-OUT-BOB: competitive
(60:12 / All) Jazzman: He's gotta be tuff and he's gotta be strong
(60:30 / All) JBGarrison72: Alt-tab works pretty good... takes forever to find games anyhow...i surf the web
(60:30 / All) Jazzman: this is why we don't take leniency on ya
(60:32 / All) QUIT-DC-OUT-BOB: we do 2v6's 99% of time successfully. u should feel honored
(60:33 / All) JBGarrison72: read books
(60:34 / All) Jazzman: you're a jerk
(60:36 / All) Jazzman: a big jerk
(60:42 / All) JBGarrison72: Yeah, im pretty mean
(60:46 / All) JBGarrison72: you should meet me in person
(60:47 / All) QUIT-DC-OUT-BOB: please read the wticher books, from polish author
(60:49 / All) JBGarrison72: you have no idea
(60:51 / All) QUIT-DC-OUT-BOB: witcher
(61:05 / All) JBGarrison72: witcher is pretty juvenile
(61:27 / All) JBGarrison72: About the level of Twilight right?
(61:28 / All) QUIT-DC-OUT-BOB: its more dark fantasy than GOT
(61:43 / All) JBGarrison72: Game of Thrones is actually pretty weak too
(62:04 / All) JBGarrison72: Hollywood is talentless
(62:13 / All) JBGarrison72: Peter Jackson is a tool as well
(62:24 / All) QUIT-DC-OUT-BOB: hobbit movie sucked
(62:33 / All) JBGarrison72: You agree with me on that?
(62:38 / All) QUIT-DC-OUT-BOB: batman the dark knight is best fictional movie in last ten yrs
(62:44 / All) JBGarrison72: There's potential for you then... some day
(62:51 / All) JBGarrison72: Oh wait, batman fan?
(62:53 / All) JBGarrison72: no you fail
(62:54 / All) QUIT-DC-OUT-BOB: i loved LOTR movies
(63:01 / All) QUIT-DC-OUT-BOB: chris nolan did great job with them
(63:03 / All) JBGarrison72: LotR was weak
(63:16 / All) JBGarrison72: Maybe Chris Nolan did a good job...
(63:26 / All) JBGarrison72: The premise of all DC comics is retarded
(63:53 / All) JBGarrison72: Lego Batman movie is the only truly compelling epic work
(64:28 / All) QUIT-DC-OUT-BOB: please rank my top 5 movies of all time- the goonies, ferris buelers day off, fellow ship of ring
(64:30 / All) QUIT-DC-OUT-BOB: Ghost busters
(64:35 / All) QUIT-DC-OUT-BOB: and army of dakrness
(64:43 / All) JBGarrison72: Goonies 4
(64:56 / All) JBGarrison72: Ferris Buellers 5
(65:09 / All) QUIT-DC-OUT-BOB: what are ur top 5 then
(65:25 / All) JBGarrison72: Hamburger Hill would be up there
(65:28 / All) JBGarrison72: Platoon
(65:41 / All) JBGarrison72: Excalibur
(66:09 / All) JBGarrison72: Aliens
(66:28 / All) JBGarrison72: Big Trouble in Little China...
(66:34 / All) JBGarrison72: best movie ever made
(67:05 / All) QUIT-DC-OUT-BOB: nicholson's best movie is the shining
(67:15 / All) JBGarrison72: Still haven't seen it
(67:30 / All) QUIT-DC-OUT-BOB: oh nicholson isnt in china movie
(67:46 / All) QUIT-DC-OUT-BOB: what is ur opinion on trump and the presidency
(67:48 / All) JBGarrison72: That's Kurt Russel
(67:58 / All) JBGarrison72: You already know what I think....
(68:01 / All) JBGarrison72: He's a reptilian
(68:04 / All) Jazzman: was afk
(68:06 / All) JBGarrison72: Seriously though....
(68:08 / All) Jazzman: what did I miss
(68:26 / All) JBGarrison72: Trump is probably up to speed on the deep state if he wasn't already
(68:29 / All) Jazzman: What did these men say about the reptilians
(68:32 / All) JBGarrison72: and is now a status quo tool
(68:44 / All) JBGarrison72: Hillary would have plunged us into ww3
(68:53 / All) Jazzman: Please when you say my President's name you put some respect on it
(69:06 / All) JBGarrison72: He kissed the wailing wall just like Obama
(69:10 / All) JBGarrison72: make of that what you will
(69:22 / All) JBGarrison72: while wearing a yamaka
(69:23 / All) Jazzman: He knows what he's doing
(69:28 / All) JBGarrison72: Maybe so
(69:39 / All) JBGarrison72: but... he also isn't rocking the boat, because Israel runs this country
(69:55 / All) QUIT-DC-OUT-BOB: how the hell do jews run this country
(69:56 / All) JBGarrison72: Already people are seeing that he's not making any changes
(69:57 / All) Jazzman: He sacrificed his daughter to win the cultural war against the hebrew deceivers
(70:00 / All) QUIT-DC-OUT-BOB: they're a tiny country on a map
(70:05 / All) Jazzman: His son will be our god emperor
(70:13 / All) QUIT-DC-OUT-BOB: ivanka will
(70:24 / All) Jazzman: Ivanka is a jew lover
(70:24 / All) JBGarrison72: All US foreign policy is an extension of Israel
(70:37 / All) QUIT-DC-OUT-BOB: y do we need them
(70:37 / All) JBGarrison72: Has nothing to do with Jewish people...
(70:39 / All) QUIT-DC-OUT-BOB: israel
(70:46 / All) JBGarrison72: has everything to do with shadow government
(70:57 / All) Jazzman: Orange = Jew lover
(71:11 / All) JBGarrison72: I have no problem with Jews
(71:14 / All) QUIT-DC-OUT-BOB: pretty sure trump wouldnt let us be run by jews
(71:16 / All) JBGarrison72: I have a lot of issue zionists
(71:20 / All) Jazzman: We found ourselves a yke
(71:23 / All) Jazzman: kyke
(71:39 / All) JBGarrison72: and Israeli dual citizens owning most of the wealth in this country... as well as staffing most important federal positions
(71:40 / All) Jazzman: Any Jew that practices the Talmud is no good
(71:45 / All) JBGarrison72: im also a confederate
(71:53 / All) JBGarrison72: My ancestors mostly fought for the south
(71:56 / All) Jazzman: which is all jews even the "atheist" ones that are cultural jews
(71:57 / All) JBGarrison72: and it's still alive
(72:18 / All) JBGarrison72: A lot of jews do embrace the whole screw the goy thing
(72:18 / All) Jazzman: What did you think of this game, JBG?
(72:21 / All) JBGarrison72: That is true
(72:26 / All) JBGarrison72: But race is not an issue
(72:30 / All) QUIT-DC-OUT-BOB: ur a confederate?
(72:38 / All) JBGarrison72: In spirit yes
(72:43 / All) QUIT-DC-OUT-BOB: i personally like abrahaman lincoln
(72:52 / All) QUIT-DC-OUT-BOB: isnt freeing slaves a good thing
(72:58 / All) JBGarrison72: Lincoln... was just like all politicians
(73:01 / All) Jazzman: I have a good pic of an elephant with a A. Wyatt Mann's jew head
(73:04 / All) JBGarrison72: it wasn't about slavery
(73:21 / All) Jazzman: and people inspecting it going "IT'S THE REPITILIANS, IT'S THE ELITES, IT'S THE COMMIES" etc
(73:24 / All) JBGarrison72: People argue, some states govs fought because of slavery
(73:26 / All) Jazzman: none name the jew
(73:30 / All) Jazzman: IT'S THE ZIONISTS
(73:33 / All) Jazzman: No, it's the jew
(73:35 / All) Jazzman: The biological jew
(73:37 / All) JBGarrison72: But the fact of the matter is, Lincoln invade southern territory...
(73:42 / All) Jazzman: jews are a biological parasite
(73:43 / All) JBGarrison72: Throwing out all chance of negotiation...
(73:57 / All) JBGarrison72: I'm about 1% jew
(74:13 / All) JBGarrison72: Is 99% of me host to a parasite?
(74:15 / All) Jazzman: If you are familiar with Spengler, they are the cultural superorganism equivalent of a parasite
(74:16 / All) QUIT-DC-OUT-BOB: im from the state of indiania
(74:32 / All) JBGarrison72: I don't hide who i am...
(74:38 / All) Jazzman: Pink is from Kalifornia
(74:40 / All) JBGarrison72: Im easy to track down, i use same username
(74:42 / All) JBGarrison72: everywhere
(74:44 / All) Jazzman: I am from Indiana
(74:50 / All) Jazzman: I am from the great state of Indiana
(74:55 / All) JBGarrison72: and i hide nothing
(74:58 / All) Jazzman: We put the final nail in the coffin of Lyin' Ted
(75:03 / All) JBGarrison72: even my temper tantrums online
(75:12 / All) JBGarrison72: in warcraft 3
(75:14 / All) Jazzman: Ted Cruz took to heart what Hoosier patriots said to his face
(75:15 / All) JBGarrison72: open to public
(75:17 / All) QUIT-DC-OUT-BOB: u were pretty heated last night, oj.........
(75:18 / All) Jazzman: And now he has changed for the better
(75:23 / All) JBGarrison72: I was indeed
(75:28 / All) JBGarrison72: would be now too...
(75:32 / All) JBGarrison72: But I'm too tired to be mad
(75:35 / All) Jazzman: Orange
(75:38 / All) Jazzman: Look on youtube
(75:42 / All) JBGarrison72: I will
(75:43 / All) Jazzman: Alexa Jones alex jones
(75:50 / All) Jazzman: amazon alex jones
(75:54 / All) JBGarrison72: what?
(75:57 / All) Jazzman: look it up
(76:09 / All) JBGarrison72: I don't like Alex Jones...
(76:13 / All) JBGarrison72: Circus Show
(76:31 / All) JBGarrison72: I'm a historian and a rational thinker (when I'm not fuming mad)
(76:41 / All) Jazzman: Amazon Echo Alexa Jones
(76:52 / All) JBGarrison72: I wouldn't ever get an Echo
(76:57 / All) Jazzman: Alex Jones was right about things that I previously mocked him for
(77:03 / All) Jazzman: Look it up it's a funny video
(77:07 / All) Jazzman: taking alex jones sound clips
(77:15 / All) JBGarrison72: He was right about a lot of things... but other sources are also right, and less annoying
(77:23 / All) Jazzman: He won't name the Jew, nor even "zionists"
(77:27 / All) Jazzman: he says it's arabs lawl
(77:41 / All) JBGarrison72: Alex Jones frogs mutated by the water... sure, that's great meme material... meh
(77:53 / All) Jazzman: lol
(77:59 / All) JBGarrison72: 9-11 wasn't arabs
(78:09 / All) JBGarrison72: It was Israel and elements of US alphabet agencies
(78:11 / All) Jazzman: It was JOOS
(78:22 / All) Jazzman: They used to spy on us
(78:33 / All) Jazzman: Then they got a deal where they got all our intel info anyway
(78:36 / All) JBGarrison72: It may be funny to milennials.... because... nihilism
(78:42 / All) Jazzman: Mossad gets all our info
(79:07 / All) JBGarrison72: Mossad does get whatever they want, that's true
(79:46 / All) JBGarrison72: Kill that tower already.... this replay is going to be worthless if it's too long
(80:02 / All) JBGarrison72: Or... I can go back to reading book
(80:11 / All) JBGarrison72: Not curious what I'm reading?
(80:14 / All) Jazzman: We save for chatlog
(80:20 / All) JBGarrison72: Well there you go
(80:24 / All) Jazzman: Charlotte's Web?
(80:33 / All) JBGarrison72: Interesting guess
(80:39 / All) JBGarrison72: Very interesting guess
(80:45 / All) Jazzman: Target Patton?
(80:49 / All) JBGarrison72: That's a bit more than random
(81:09 / All) JBGarrison72: Sure you don't know me? On Facebook?
(81:10 / All) Jazzman: well don't keep us in suspense
(81:23 / All) JBGarrison72: I'm reading the Black Arrow
(81:43 / All) JBGarrison72: But, the first time I've even come across Charlotte's Web... in over 20 years
(81:47 / All) JBGarrison72: was a few hours ago
(81:51 / All) JBGarrison72: on Facebook
(82:00 / All) JBGarrison72: I commented on a buddy's page
(82:05 / All) Jazzman: *_-
(82:10 / All) Jazzman: I work for the NSA
(82:12 / All) JBGarrison72: Who posted the death of Charlotte
(82:17 / All) JBGarrison72: unlikely
(82:26 / All) Jazzman: It's psychic energy, really
(82:31 / All) JBGarrison72: but I have over 600 FB friends
(82:39 / All) JBGarrison72: So the odds of dedicated trolls... maybe possible
(82:45 / All) JBGarrison72: I'm not that good i guess
(82:51 / All) JBGarrison72: to have my own troll.... yes
(82:52 / All) Jazzman: I had Socal Anne on my old facebook that I deleted
(82:54 / All) JBGarrison72: *yet
(83:01 / All) JBGarrison72: I had SoCal
(83:10 / All) Jazzman: We used to get her a lot
(83:11 / All) JBGarrison72: so... you were in Lordaeron Group?
(83:15 / All) JBGarrison72: Facebook Group?
(83:19 / All) Jazzman: We used to play USWest sometimes
(83:35 / All) Jazzman: This was like 2013 and before
(83:41 / All) JBGarrison72: Obviously you know US West is my home server
(83:55 / All) JBGarrison72: And i've been playing US West as JB since...
(84:01 / All) Jazzman: Think I deleted my account in 2013 or 2014 and just had real facebook, but IU made a new account a while ago
(84:05 / All) JBGarrison72: 2007 maybe?
(84:11 / All) JBGarrison72: I was Fean77 before that on US West
(84:23 / All) JBGarrison72: From release of RoC
(84:24 / All) Jazzman: I didn't play it except smurf accounts to tk
(84:26 / All) JBGarrison72: and DF_Feanor
(84:33 / All) Jazzman: Always played USEast otherwise
(84:36 / All) JBGarrison72: Probably TK'ed me
(84:37 / All) Jazzman: And euro to tk
(84:43 / All) JBGarrison72: and witnessed me going ape shit several times
(84:49 / All) Jazzman: Probably
(85:20 / All) Jazzman: USwest rarely had anyone that was good
(85:30 / All) Jazzman: like not even average, just plain noobs
(85:35 / All) JBGarrison72: The flight to east.... I'm stubborn...
(85:36 / All) Jazzman: It was easy to just dominate with bullshit
(85:38 / All) Jazzman: every game
(85:39 / All) JBGarrison72: So i wouldnt move
(85:50 / All) JBGarrison72: and I was never an elite player
(85:58 / All) JBGarrison72: So i didn't care about the lack of them on west
(86:20 / All) Jazzman: On West you can probably 1v7 with just trihero
(86:44 / All) Jazzman: Well JBG we might catch you again
(86:47 / All) JBGarrison72: I'd have to see video of that to believe it
(86:50 / All) JBGarrison72: You probably will
(86:52 / All) Jazzman: GG